 Dungeon Crawl Stone Soup version 0.29-a0-819-g94b489e0ae (webtiles) character file.

Game seed: 14337909215869548704

64 Zonian the Chiller (level 3, 0/36 HPs)
             Began as a Demonspawn Ice Elementalist on July 6, 2022.
             Succumbed to an orc's poison
             ... on level 3 of the Dungeon.
             The game lasted 00:04:05 (2757 turns).

Zonian the Chiller (Demonspawn Ice Elementalist)    Turns: 2757, Time: 00:04:06

Health: 0/36       AC: 21    Str:  8    XL:     3   Next: 91%
Magic:  4/6        EV:  2    Int: 16    God:
Gold:   95         SH:  0    Dex: 15    Spells: 6/7 levels left

rFire   . . .      SeeInvis .   j - +0 dagger
rCold   . . .      Faith    .   m - orb {*Rage}
rNeg    . . .      Spirit   .   (body armour currently unavailable)
rPois   +          Reflect  .   (helmet currently unavailable)
rElec   .          Harm     .   (cloak currently unavailable)
rCorr   .          Rampage  .   (gloves currently unavailable)
Will    .....      Rage     20% (boots currently unavailable)
Stlth   ++........ NoTele   +   (no amulet)
HPRegen 0.12/turn               (no ring)
MPRegen 0.10/turn               (no ring)

@: mighty, lethally poisoned (0 -> -7), tree-form, on berserk cooldown, slowed,
very slow
A: stationary, stasis, torment immunity, boosted hp, (demonic touch 2)
a: no special abilities


You were on level 3 of the Dungeon.
You were a tree.
You visited 1 branch of the dungeon, and saw 3 of its levels.

You collected 95 gold pieces.

Inventory:

Hand Weapons
 j - a +0 dagger (weapon)
Armour
 a - a +0 robe (melded)
 g - a +0 pair of gloves (melded)
 m - an orb of wrath (worn)
Magical Staves
 l - a staff of conjuration
Scrolls
 b - 4 scrolls of fear {unknown}
 c - a scroll of poison {unknown}
 f - a scroll of teleportation {unknown}
 h - a scroll of fog {unknown}
 k - a scroll of vulnerability {unknown}
 n - a scroll of identify {unknown}
Potions
 d - a potion of might
 i - a potion of brilliance {unknown}


   Skills:
 - Level 2.3 Dodging
 - Level 2.4 Stealth
 - Level 2.5 Spellcasting
 + Level 4.2 Ice Magic


You had 6 spell levels left.
You knew the following spells:

 Your Spells              Type           Power      Damage    Failure   Level
a - Freeze                Ice            60%        1d8       3%          1

Your spell library contained the following spells:

 Spells                   Type           Power      Damage    Failure   Level
 Frozen Ramparts          Ice            30%        1d5       11%         3
 Ozocubu's Armour         Ice            15%        N/A       11%         3
 Dazzling Flash           Conj/Hex       4%         N/A       52%         3
 Hailstorm                Conj/Ice       8%         3d4       63%         4
 Iskenderun's Mystic Bla  Conj/Tloc      2%         2d3       89%         4
 Starburst                Conj/Fire      1%         6d3       100%        6


Dungeon Overview and Level Annotations

Branches:
Dungeon (3/15)

Altars:


Innate Abilities, Weirdness & Mutations

You are a tree.
Your roots penetrate the ground, keeping you stationary.
You cannot be teleported.
You are immune to unholy pain and torment.
Your maximum health is greatly increased.
Your equipment is partially melded.
((Your touch may inflict irresistible damage on your foes.))


Message History

You feel yourself slow down.
You start resting.
An orc is nearby!
An orc is nearby!
An orc is nearby!
The orc hits you with a +0 hand axe. x2
Casting: Freeze (safe; 3% risk of failure)
Confirm with . or Enter, or press ? or * to list all spells.
Aiming: Freeze (safe; 3% risk of failure)
Press: ? - help, Shift-Dir - straight line, f - orc
Aim: an orc, wielding a +0 quarterstaff and wearing a +0 leather armour You freeze the orc.
The orc is almost dead.
The orc shouts!
The orc hits you with a +0 quarterstaff.
* * * LOW HITPOINT WARNING * * *
The orc barely misses you.
Okay, then.
Okay, then.
You aren't carrying any items that you can evoke.
Unknown command.
Okay, then.
Casting: Freeze (safe; 3% risk of failure)
Confirm with . or Enter, or press ? or * to list all spells.
Aiming: Freeze (safe; 3% risk of failure)
Press: ? - help, Shift-Dir - straight line, f/p - orc
Aim: an orc, wielding a +0 quarterstaff and wearing a +0 leather armour (almost dead)
You freeze the orc.
You kill the orc!
The orc barely misses you. x2; The orc hits you but does no damage.
You are lethally poisoned!
It was a potion of might.
You feel very mighty all of a sudden.
* * * LOW HITPOINT WARNING * * *
You feel very sick. The orc closely misses you. x2
It was a potion of lignification.
You turn into a tree.
Your +0 pair of gloves melds into your body.
Your +0 robe melds into your body.
Your roots penetrate the ground.
You die...

#.
#...#####.####...#..
##.#### #...........
.h.....#...#
######......
#.##.##.##.# ##.#.#.
# #. #.# ....... #
#. #.# ###.#.## #.
(. #.# #.#<#
####.####.##.# #.#.#
#.....o♣o....# ..#
#.#.).#..........
...#
#........#.####.#.
.J.## ..#.....#.<# #
##.. #....... ###
#.. ####...# ...
##.. #.#


You could see 2 orcs.

Vanquished Creatures
  2 adders (D:2)
  2 worms
  2 dart slugs
  An orc (D:3)
  3 endoplasms
  A giant cockroach (D:2)
  4 goblins (D:2)
  2 hobgoblins (D:2)
  3 jackals (D:1)
  A kobold (D:1)
  2 quokkas
  5 ball pythons
  2 bats
  A frilled lizard (D:3)
  2 rats
33 creatures vanquished.

Notes
Turn   | Place    | Note
-------+----------+-------------------------------------------
     0 | D:1      | Zonian the Demonspawn Ice Elementalist began the quest for
                  | the Orb.
     0 | D:1      | Reached XP level 1. HP: 13/13 MP: 3/3
     7 | D:1      | You fall into a shaft and drop 1 floor!
   368 | D:1      | Discovered your monstrous ancestry.
   368 | D:1      | Gained mutation: Your touch may inflict minor irresistible
                  | damage on your foes. [demonic ancestry]
   368 | D:1      | Reached XP level 2. HP: 2/19 MP: 1/5
  1650 | D:2      | Gained mutation: Your touch may inflict irresistible damage
                  | on your foes. [demonic ancestry]
  1650 | D:2      | Reached XP level 3. HP: 18/24 MP: 0/6
  1983 | D:2      | Reached skill level 4 in Ice Magic
  2029 | D:2      | Found a faded altar of an unknown god.
  2756 | D:3      | HP: 1/24 [poisoned by an orc]
  2757 | D:3      | Succumbed to an orc's poison

Illustrated notes

Levels and vault maps discovered:
D:1:      sevenhm_arrival_forest_fort_small_6, layout_loops_ring, fountainhead,
          minmay_hedge_maze
D:2:      layout_loops_ring, shapermc_ecumenical_altar_mp_urbaneastern
D:3:      layout_loops_ring

Skill      XL: |  1  2  3 |
---------------+----------+-----
Stealth        | 2 |  2.4
Dodging        | 2 |  2.3
Ice Magic      | 4 |  4.2
Spellcasting   | |  2.5

Action                   || total
-------------------------++-------
Melee: Unarmed           ||    52
       Touch             ||    10
       Dagger            ||     6
 Cast: Freeze            ||    33
  Use: Potion            ||     3
 Stab: Sleeping          ||     3
Armor: Robe              ||    20
Dodge: Dodged            ||    65

Table legend: (Time is in decaauts)
 A = Elapsed time spent in this place.
 B = Non-inter-level travel time spent in this place.
 C = Inter-level travel time spent in this place.
 D = Time resting spent in this place.
 E = Time spent auto-exploring this place.
 F = Levels seen in this place.
 G = Mean time per level.
                   A        B        C        D        E       F      G
               +--------+--------+--------+--------+--------+-----+--------+
         Total |   2766 |   2648 |    118 |    417 |   1865 |   3 |  922.0 |
       Dungeon |   2766 |   2648 |    118 |    417 |   1865 |   3 |  922.0 |
               +--------+--------+--------+--------+--------+-----+--------+

Top non-repeatable levels by time:
     D:1: 1528 daAuts
     D:2: 956 daAuts
     D:3: 281 daAuts
